 Dungeon Crawl Stone Soup version 0.31-a0-271-gb88eb75e06 (webtiles) character file.

Game seed: 14860140383299787997

43 Shard1697 the Caller (level 3, -1/26 HPs)
             Began as a Draconian Hedge Wizard on July 15, 2023.
             Was a Follower of Fedhas.
             Succumbed to an adder's poison
             ... on level 2 of the Dungeon.
             The game lasted 00:01:48 (1012 turns).

Shard1697 the Caller (Draconian Hedge Wizard)       Turns: 1012, Time: 00:01:48

Health: -1/26      AC:  5    Str: 12    XL:     3   Next: 37%
Magic:  5/7        EV: 12    Int: 16    God:    Fedhas [*.....]
Gold:   47         SH:  0    Dex: 10    Spells: 5/8 levels left

rFire   . . .        a - +2 whip (drain)
rCold   . . .        (no shield)
rNeg    . . .        (body armour unavailable)
rPois   .            b - +0 hat
rElec   .            f - scarf {repulsion}
rCorr   .            (no gloves)
SInv    .            (no boots)
Will    .....        (no amulet)
Stlth   ++           (no ring)
HPRegen 0.24/turn    (no ring)
MPRegen 0.10/turn

%: repel missiles
@: lethally poisoned (-1 -> -10), attractive
A: AC +5, unfitting armour, cold-blooded
a: Renounce Religion


You were on level 2 of the Dungeon.
You worshipped Fedhas.
Fedhas was aware of your devotion.
You visited 1 branch of the dungeon, and saw 2 of its levels.

You collected 47 gold pieces.

Inventory:

Hand Weapons
 a - a +2 whip of draining (weapon)
Armour
 b - a +0 hat (worn)
 f - a scarf of repulsion (worn)
Scrolls
 d - 2 scrolls of identify {unknown}
 g - a scroll of teleportation {unknown}
 h - a scroll of torment {unknown}
Potions
 c - a potion of magic


   Skills:
 - Level 1.7 Dodging
 - Level 1.7 Stealth
 - Level 3.0 Spellcasting
 - Level 1.0 Conjurations
 + Level 3.3 Summonings
 - Level 1.0 Translocations


You had 5 spell levels left.
You knew the following spells:

 Your Spells              Type           Power      Damage    Failure   Level
a - Magic Dart            Conj           20%        1d4       12%         1
b - Call Imp              Summ           26%        N/A       7%          2

Your spell library contained the following spells:

 Spells                   Type           Power      Damage    Failure   Level
 Slow                     Hex            8%         N/A       19%         1
 Blink                    Tloc           10%        N/A       19%         2
 Cigotuvi's Dreadful Rot  Necr/Pois/Air  4%         N/A       28%         2
 Mephitic Cloud           Conj/Pois/Air  3%         N/A       43%         3


Dungeon Overview and Level Annotations

Branches:
Dungeon (2/15)

Altars:
Fedhas


Innate Abilities, Weirdness & Mutations

Your plain brown scales are hard. (AC +5)
You cannot fit into any form of body armour.
You are cold-blooded and may be slowed by cold attacks.


Message History

The adder bites you.
You closely miss the adder.
You feel sick. The kobold barely misses you. The kobold closely misses you.
The adder barely misses you.
You miss the adder.
Your tail-slap misses the adder.
You feel sick. The adder bites you. The kobold completely misses you.
The kobold hits you but does no damage.
You are more poisoned.
The adder closely misses you. The kobold barely misses you.
The kobold hits you but does no damage.
You are too injured to fight recklessly!
You are too injured to fight recklessly!
You are too injured to fight recklessly!
You are too injured to fight recklessly!
You are too injured to fight recklessly!
The kobold attacks as you move away! The kobold barely misses you.
You feel very sick. The adder closely misses you.
Things that are here:
a +0 dagger; a kobold corpse The adder attacks as you move away!
The adder closely misses you.
You feel very sick.
It was a potion of attraction.
You feel attractive to monsters.
* * * LOW HITPOINT WARNING * * *
You feel very sick. The adder bites you but does no damage.
The adder misses you.
Casting: Magic Dart (safe; 12% risk of failure)
Confirm with . or Enter, or press ? or * to list all spells.
A tiny devil pulls itself out of the air.
* * * LOW HITPOINT WARNING * * *
You feel sick. The adder bites you.
* * * LOW HITPOINT WARNING * * *
You are more poisoned.
The adder poisons you!
* * * LOW HITPOINT WARNING * * *
You feel very sick.
Your cerulean imp barely misses the adder.
You swap places.
You die...
Fedhas appreciates your contribution to the ecosystem.

##...)###...###...# #.#
#.....#G#...#G#.#.# #.#
...##..###...###.. # #.#
.## #............. #.# #
#.###.#....#.# #.# #<#
#......... #.# #.#
####.###.# #.# #.# # #.#
#.# #.### #@## #.#
.####.#.### #.5# #.#
..........##.####S####.#
#####.#.#......##J##...#
#..<...>...##.KK###.##
##.#.#.#.###.....##..#
#......#......♣...'..#
..#.#.###.####...###..#
##...... #...# #.##


You could see an adder (ally target), an endoplasm, 2 kobolds and a friendly
cerulean imp (summoned).

Vanquished Creatures
  An adder (D:2)
  3 endoplasms
  2 giant cockroaches
  2 goblins (D:1)
  3 hobgoblins
  3 jackals (D:1)
  2 quokkas (D:1)
  5 ball pythons (D:1)
  A bat (D:1)
  A frilled lizard (D:1)
  6 kobolds
  A rat (D:1)
30 creatures vanquished.

Notes
Turn   | Place    | Note
-------+----------+-------------------------------------------
     0 | D:1      | Shard1697 the Draconian Hedge Wizard began the quest for
                  | the Orb.
     0 | D:1      | Reached XP level 1. HP: 14/14 MP: 4/4
   309 | D:1      | Reached XP level 2. HP: 19/20 MP: 3/6
   321 | D:1      | Learned a level 2 spell: Call Imp
   860 | D:2      | Noticed a floating eye
   862 | D:2      | Found a faded altar of an unknown god.
   864 | D:2      | Reached XP level 3. HP: 26/26 MP: 7/7
   866 | D:2      | Noticed a floating eye
   870 | D:2      | Noticed a shining eye
   870 | D:2      | Noticed a great orb of eyes
   889 | D:2      | Prayed at the altar of an unknown god.
   889 | D:2      | Became a worshipper of Fedhas Madash
   889 | D:2      | Reached * piety under Fedhas
  1011 | D:2      | HP: 1/26 [poisoned by an adder]
  1012 | D:2      | Succumbed to an adder's poison

Illustrated notes

Levels and vault maps discovered:
D:1:      dpeg_arrival_fog, layout_loops_ring
D:2:      wander_river, layout_loops_ring,
          hellmonk_ecumenical_altar_watching_god, basic_altar,
          chequers_serial_rivers_large_a, grunt_decor_mini_mirrors,
          grunt_ministairs_15, st_stairs_13, hangedman_decor_growths,
          minmay_crystal_room

Skill      XL: |  1  2 |
---------------+-------+-----
Summonings     | 2 3 |  3.3
Dodging        | |  1.7
Stealth        | |  1.7
Spellcasting   | |  3.0
Conjurations   | |  1.0
Translocations | |  1.0

Action                     || total
---------------------------++-------
  Melee: Short sword       ||    22
         Punch             ||     1
         Whip              ||    54
         Tailslap          ||     5
   Cast: Magic Dart        ||    14
         Call Imp          ||     1
    Use: Potion            ||     1
   Stab: Sleeping          ||     4
 Armour: Skin              ||    30
  Dodge: Dodged            ||    58

Table legend: (Time is in decaauts)
 A = Elapsed time spent in this place.
 B = Non-inter-level travel time spent in this place.
 C = Inter-level travel time spent in this place.
 D = Time resting spent in this place.
 E = Time spent auto-exploring this place.
 F = Levels seen in this place.
 G = Mean time per level.
                   A        B        C        D        E       F      G
               +--------+--------+--------+--------+--------+-----+--------+
         Total |   1016 |   1001 |     15 |      0 |    753 |   2 |  508.0 |
       Dungeon |   1016 |   1001 |     15 |      0 |    753 |   2 |  508.0 |
               +--------+--------+--------+--------+--------+-----+--------+

Top non-repeatable levels by time:
     D:1: 850 daAuts
     D:2: 165 daAuts
